 Dungeon Crawl Stone Soup version 0.28.0-62-gf88900778d (webtiles) character file.

Game seed: 6619819913154860066

11407 Froggeryz the Bludgeoner (level 11, -2/81 HPs)
             Began as a Demonspawn Gladiator on Jan 27, 2024.
             Was a High Priest of Okawaru.
             Slain by a wolf (3 damage)
             ... on level 2 of the Lair of Beasts.
             The game lasted 00:14:56 (17191 turns).

Froggeryz the Bludgeoner (Demonspawn Gladiator)    Turns: 17191, Time: 00:14:57

Health: -2/81      AC:  9    Str: 18    XL:     11   Next: 48%
Magic:  0/20       EV: 11    Int: 11    God:    Okawaru [*****.]
Gold:   461        SH:  0    Dex: 20    Spells: 10/10 levels left

rFire   . . .      SeeInvis .   F - +1 whip (elec)
rCold   . . .      Faith    .   (no shield)
rNeg    . . .      Spirit   +   A - +0 scale mail
rPois   .          Reflect  .   f - +2 hat
rElec   .          Harm     .   z - +0 cloak
rCorr   .          Rampage  .   (no gloves)
Will    .....                   (no boots)
Stlth   ..........              e - amulet of guardian spirit
HPRegen 0.23/turn               g - ring of magical power
MPRegen 0.17/turn               h - +6 ring of dexterity

@: studying Maces & Flails
A: horns 1, powered by pain 1, demonic magic 3, weakness stinger 2, demonic
touch 1
a: Renounce Religion, Heroism, Finesse, Duel


You were on level 2 of the Lair of Beasts.
You worshipped Okawaru.
Okawaru was extremely pleased with you.
You visited 3 branches of the dungeon, and saw 14 of its levels.
You also visited: Sewer and Bailey.

You collected 531 gold pieces.
You spent 70 gold pieces at shops.

Inventory:

Hand Weapons
 F - a +1 whip of electrocution (weapon)
Missiles
 a - 6 silver javelins
 b - 3 javelins
 d - 3 throwing nets
 q - 5 boomerangs (quivered)
 v - a curare-tipped dart
 C - 16 poisoned darts
Armour
 f - a +2 hat (worn)
 z - a +0 cloak (worn)
 A - a +0 scale mail (worn)
Jewellery
 e - an amulet of guardian spirit (around neck)
 g - a ring of magical power (left hand)
 h - a +6 ring of dexterity (right hand)
 j - a ring of ice
Wands
 o - a wand of paralysis (1)
Scrolls
 i - 8 scrolls of teleportation
 k - 3 scrolls of immolation
 p - 3 scrolls of fog
 w - a scroll of identify
 x - a scroll of holy word {unknown}
 y - 2 scrolls of enchant armour
Potions
 c - a potion of mutation {unknown}
 l - 5 potions of curing
 m - 3 potions of ambrosia {unknown}
 n - a potion of magic {unknown}
 r - a potion of cancellation {unknown}
 s - 2 potions of haste
 t - 3 potions of brilliance {unknown}
 u - 3 potions of lignification {unknown}
 B - a potion of invisibility {unknown}
 D - a potion of degeneration {unknown}
 E - a potion of attraction {unknown}


   Skills:
 + Level 6.2 Fighting
 * Level 15.2 Maces & Flails
 - Level 8.1 Throwing
 - Level 3.0 Armour
 - Level 2.6 Dodging


You had 10 spell levels left.
You didn't know any spells.
Your spell library contained the following spells:

 Spells                   Type           Power      Damage    Failure   Level
 Beastly Appendage        Tmut           0%         N/A       73%         1
 Foxfire                  Conj/Fire      0%         2x1d4     73%         1
 Wereblood                Tmut           0%         N/A       86%         2
 Conjure Flame            Conj/Fire      0%         6-21      97%         3
 Inner Flame              Hex/Fire       0%         N/A       97%         3
 Spider Form              Tmut/Pois      0%         N/A       97%         3
 Cause Fear               Hex            0%         N/A       100%        4
 Flame Wave               Conj/Fire      0%         2d4       100%        4
 Orb of Destruction       Conj           0%         9d5       100%        7
 Discord                  Hex            0%         N/A       100%        8
 Summon Guardian Golem    Hex/Summ       Unusable   N/A       N/A         3
 Spellforged Servitor     Conj/Summ      Unusable   N/A       N/A         7

Dungeon Overview and Level Annotations

Branches:
Dungeon (10/15)            Temple (1/1) D:4            Lair (3/6) D:8
  Sewer (visited)          Bailey (visited)
  Swamp: Lair:2-4    Shoals: Lair:2-4     Snake: Lair:2-4    Spider: Lair:2-4
    Orc: D:9-12

Altars:
Ashenzari
Cheibriados
Elyvilon
Fedhas
Gozag
Kikubaaqudgha
Makhleb
Nemelex Xobeh
Okawaru
Ru
Trog
Vehumet
Xom
Yredelemnul
Zin
The Shining One

Shops:
D:3 ?   D:5 (

Annotations:
D:6 1 runed translucent door, Venard's ghost, novice MiFi
Lair:1 2 transporters, exclusions: ice statue and oklob plant, Tamtam's ghost, journeyman DgHu


Innate Abilities, Weirdness & Mutations

You have a pair of small horns on your head.
You sometimes gain a little power by taking damage.
Spells you cast and wands you use may paralyse nearby enemies.
You have a tail ending in a sharp stinger.
Your touch may inflict minor irresistible damage on your foes.


Message History

You feel better. The wolf bites you!
* * * LOW HITPOINT WARNING * * *
The wolf bites you.
* * * LOW HITPOINT WARNING * * *
You hit the wolf. Your touch misses the wolf.
The wolf is severely wounded.
The wolf bites you.
* * * LOW HITPOINT WARNING * * *
The wolf closely misses you.
You miss the wolf.
You touch the wolf.
The wolf is almost dead.
The wolf closely misses you. x2
You hit the wolf.
You kill the wolf!
Okawaru accepts your kill. The wolf barely misses you.
You feel better. The wolf bites you.
* * * LOW HITPOINT WARNING * * *
The wolf barely misses you.
You hit the wolf but do no damage. You whack the wolf!
The wolf is moderately wounded.
The wolf bites you but does no damage.
You barely miss the wolf. Your headbutt misses the wolf.
You tail-slap the wolf, but do no damage.
Your touch misses the wolf.
The wolf is moderately wounded.
The wolf bites you.
* * * LOW HITPOINT WARNING * * *
You barely miss the wolf.
The wolf is moderately wounded.
The wolf bites you.
* * * LOW HITPOINT WARNING * * *
You miss the wolf. Your touch misses the wolf.
The wolf is moderately wounded.
The wolf barely misses you.
You miss the wolf. Your headbutt misses the wolf. Your touch misses the wolf.
The wolf is moderately wounded.
The wolf bites you.
You die...

...................##.P..........
...#..##..........#.#..#..#.P##..
..............P...###.##.##.###..
................#.P#..##....##...
.................P.....##P..###..
............................##...
..................##....##.......
..............P..###..P##....##..
...............h@####..##...####.
#(.###>..........†.##.#.....####.
#..# #.......................##..
...###.......................##P.
......................≈≈≈≈≈≈.##..
......................≈≈≈≈≈≈.##.[
#...#.................≈≈##≈≈.#...
#....#................≈###≈≈.....
...###................≈≈≈≈≈≈.....


You could see a wolf.

Vanquished Creatures
  A catoblepas (Lair:2)
  A hydra (Lair:1)
  2 black mambas (Lair:2)
  5 cane toads
  A torpor snail (Lair:2)
  An unseen horror (D:10)
  A polar bear (Lair:2)
  4 dream sheep (Lair:2)
  4 humans
  A wyvern (Lair:2)
  A yak (D:8)
  Duvessa (D:4)
  6 water moccasins
  A hornet zombie (D:7)
  3 orc warriors
  2 sky beasts
  2 ice beasts
  A necrophage (D:6)
  3 black bears
  An ogre (D:7)
  3 centaurs
  11 wolves
  2 kobold brigands
  Blork the orc (D:4)
  8 bullfrogs
  4 scorpions
  A wyvern zombie (D:7)
  Dowan (D:4)
  A water moccasin skeleton (D:5)
  7 killer bees
  5 wights (D:6)
  2 electric eels (D:10)
  A jelly (D:8)
  A bullfrog zombie (D:5)
  A bullfrog skeleton (D:6)
  A centaur skeleton (D:7)
  3 orc priests
  A gnoll shaman (D:5)
  5 hounds
  6 iguanas
  Natasha (twice) (D:3)
  8 orc wizards
  A howler monkey zombie (D:8)
  A howler monkey skeleton (D:7)
  6 gnolls
  8 adders
  A river rat (Sewer)
  A worm (Sewer)
  2 dart slugs (D:2)
  21 orcs
  10 ball pythons
  4 endoplasms
  4 giant cockroaches (D:3)
  2 goblins
  7 hobgoblins
  7 kobolds
  6 quokkas
  7 bats
  5 frilled lizards
  A jackal skeleton (D:4)
  11 rats
222 creatures vanquished.

Vanquished Creatures (others)
  15 fungi
  19 plants
34 creatures vanquished.

Grand Total: 256 creatures vanquished

Notes
Turn   | Place    | Note
-------+----------+-------------------------------------------
     0 | D:1      | Froggeryz the Demonspawn Gladiator began the quest for the
                  | Orb.
     0 | D:1      | Reached XP level 1. HP: 16/16 MP: 1/1
    43 | D:1      | Found a faded altar of an unknown god.
   285 | D:1      | Reached skill level 3 in Maces & Flails
   285 | D:1      | Gained mutation: You sometimes gain a little power by
                  | taking damage. [demonic ancestry]
   285 | D:1      | Reached XP level 2. HP: 21/22 MP: 2/2
   825 | D:2      | Reached skill level 1 in Armour
   899 | D:2      | Gained mutation: Spells you cast may paralyse adjacent
                  | enemies. [demonic ancestry]
   899 | D:2      | Reached XP level 3. HP: 28/28 MP: 3/3
  1020 | D:2      | Reached XP level 4. HP: 32/34 MP: 4/4
  1691 | D:3      | Reached skill level 4 in Maces & Flails
  2018 | D:3      | Found a glowing drain.
  2043 | Sewer    | Entered a sewer
  2419 | Sewer    | Discovered your monstrous ancestry.
  2419 | Sewer    | Gained mutation: Your touch may inflict minor irresistible
                  | damage on your foes. [demonic ancestry]
  2419 | Sewer    | Reached XP level 5. HP: 29/41 MP: 5/5
  3166 | D:3      | Noticed Natasha
  3172 | D:3      | Killed Natasha
  3264 | D:3      | Reached XP level 6. HP: 43/47 MP: 6/6
  3384 | D:3      | Found Kintash's Magic Scroll Shop.
  3389 | D:3      | Bought a scroll of teleportation for 42 gold pieces
  3389 | D:3      | Bought a scroll of fog for 28 gold pieces
  3952 | D:3      | Noticed Natasha
  3955 | D:3      | Killed Natasha
  4316 | D:4      | Noticed Blork the orc
  4329 | D:4      | Killed Blork the orc
  4330 | D:4      | Reached skill level 5 in Maces & Flails
  4332 | D:4      | HP: 2/48 [centaur (1)]
  4756 | D:4      | Found a staircase to the Ecumenical Temple.
  4781 | D:4      | Noticed Dowan
  4784 | Temple   | Entered the Ecumenical Temple
  4793 | Temple   | Became a worshipper of Warmaster Okawaru
  4806 | D:4      | Killed Dowan
  4807 | D:4      | Gained mutation: Spells you cast may paralyse nearby
                  | enemies. [demonic ancestry]
  4807 | D:4      | Reached XP level 7. HP: 54/54 MP: 7/7
  4884 | D:4      | Noticed Duvessa
  4903 | D:4      | Killed Duvessa
  5403 | D:4      | Reached skill level 6 in Maces & Flails
  5959 | D:5      | Entered Level 5 of the Dungeon
  6635 | D:5      | Found Qolag's Weapon Shop.
  7124 | D:5      | Reached * piety under Okawaru
  7125 | D:5      | Reached skill level 7 in Maces & Flails
  7125 | D:5      | Gained mutation: You have a pair of small horns on your
                  | head. [demonic ancestry]
  7125 | D:5      | Reached XP level 8. HP: 41/60 MP: 8/8
  8009 | D:6      | Reached skill level 8 in Maces & Flails
  8544 | D:6      | Reached skill level 5 in Throwing
  8614 | D:6      | Found a runed translucent door.
  8615 | D:6      | Noticed Venard's ghost (novice MiFi)
  8675 | D:6      | Found an opulent altar of Gozag.
  8678 | D:6      | Found a blossoming altar of Fedhas.
  8812 | D:6      | Found a snail-covered altar of Cheibriados.
  8873 | D:6      | Found an ancient bone altar of Kikubaaqudgha.
  9000 | D:6      | Found a sacrificial altar of Ru.
  9270 | D:7      | Found a burning altar of Makhleb.
  9280 | D:7      | Found a flagged portal.
  9294 | Bailey   | Entered a bailey
  9302 | Bailey   | Gained mutation: You have a small tail. [demonic ancestry]
  9302 | Bailey   | Reached XP level 9. HP: 62/63 MP: 9/9
  9305 | Bailey   | Reached ** piety under Okawaru
  9310 | Bailey   | Reached skill level 9 in Maces & Flails
 10427 | D:7      | Reached skill level 10 in Maces & Flails
 10674 | D:7      | Reached *** piety under Okawaru
 11644 | D:8      | Gained mutation: Spells you cast and wands you use may
                  | paralyse nearby enemies. [demonic ancestry]
 11644 | D:8      | Reached XP level 10. HP: 45/71 MP: 10/10
 11881 | D:8      | You fall into a shaft and drop 2 floors!
 11881 | D:10     | Entered Level 10 of the Dungeon
 12260 | D:10     | HP: 3/71 [something (2)]
 12271 | D:10     | Reached skill level 11 in Maces & Flails
 12640 | D:9      | Found a bloodstained altar of Trog.
 13439 | D:8      | Found a staircase to the Lair.
 13854 | Lair:1   | Entered Level 1 of the Lair of Beasts
 13863 | Lair:1   | Noticed a cane toad
 13875 | Lair:1   | Killed a cane toad
 13969 | Lair:1   | Reached **** piety under Okawaru
 14163 | Lair:1   | Received a gift from Okawaru
 14164 | Lair:1   | Reached skill level 12 in Maces & Flails
 14319 | Lair:1   | Noticed an oklob plant
 14322 | Lair:1   | Noticed a cane toad
 14323 | Lair:1   | Noticed Tamtam's ghost (journeyman DgHu)
 14325 | Lair:1   | Noticed a black mamba
 14336 | Lair:1   | Found a transporter.
 14339 | Lair:1   | Noticed an ice statue
 14399 | Lair:1   | Identified a scroll of acquirement
 14399 | Lair:1   | Acquired a manual of Maces & Flails
 14669 | Lair:1   | Noticed a four-headed hydra
 14725 | Lair:1   | Killed a four-headed hydra
 15025 | Lair:1   | Found a transporter.
 15279 | Lair:2   | Noticed a black mamba
 15289 | Lair:2   | Killed a black mamba
 15290 | Lair:2   | Reached skill level 13 in Maces & Flails
 15644 | Lair:2   | Noticed a cane toad
 15655 | Lair:2   | Killed a cane toad
 15656 | Lair:2   | Gained mutation: You have a tail ending in a sharp stinger.
                  | [demonic ancestry]
 15656 | Lair:2   | Reached XP level 11. HP: 62/78 MP: 11/11
 15765 | Lair:2   | Reached skill level 5 in Fighting
 16027 | Lair:2   | Reached ***** piety under Okawaru
 16028 | Lair:2   | Reached skill level 14 in Maces & Flails
 16174 | Lair:2   | Noticed a catoblepas
 16202 | Lair:2   | Killed a catoblepas
 16459 | Lair:2   | HP: 4/81 [poisoned by a cane toad]
 17165 | Lair:3   | Received a gift from Okawaru
 17166 | Lair:3   | Reached skill level 15 in Maces & Flails
 17182 | Lair:2   | HP: 3/81 [wolf (4)]
 17188 | Lair:2   | HP: 3/81 [wolf (5)]
 17189 | Lair:2   | HP: 1/81 [wolf (2)]
 17191 | Lair:2   | Slain by a wolf

Illustrated notes

Levels and vault maps discovered:
D:1:      shiori_arrival_maze, layout_basic, hellmonk_ecumenical_altar_blasted
D:2:      layout_basic
D:3:      layout_loops_corners, serial_shops, shop, gup_sewer_entry_pipe,
          uniq_natasha
D:4:      layout_basic, mainiacjoe_overflow_chevrons, minmay_temple_entry_trees,
          st_stairs_1, minmay_misc_feat_enclosed, uniq_duvessa,
          uniq_blork_the_orc
D:5:      layout_basic, serial_shops, nicolae_shop_bloodbath_and_beyond,
          chequers_serial_rivers_small_a
D:6:      layout_loops_ring, chei_slow_surprise, general_overflow_altar,
          nicolae_overflow_quartered_altars, ebering_ghost_inner_flame
D:7:      layout_layer_cave, amcnicky_altar_gilded, enter_bailey_2,
          nicolae_figureground_pulse
D:8:      layout_loops_corners, grunt_lair_entry_orc_guard_hut,
          minmay_misc_feat_room
D:9:      layout_stronghold, mainiacjoe_overflow_tiny_flanked, serial_shops,
          nicolae_shop_trees
D:10:     minmay_razor_zed, layout_basic, minmay_crystal_room,
          minmay_pinched_square
Temple:   cyrus_circular_temple
Lair:1:   layout_regular_city, nzn_ghost_randoct
Lair:2:   layout_gridlike, chequers_serial_rivers_room_a, beast_lair_carwin_3
Lair:3:   layout_loops_ring, grunt_megastairs_3

Skill      XL: |  1  2  3  4  5  6  7  8  9 10 11 |
---------------+----------------------------------+-----
Maces & Flails | 3 4 5 7 8 10 13 15 | 15.2
Armour         | 1 2 3 |  3.0
Fighting       | 3 4 6 |  6.2
Throwing       | 2 3 5 6 8 |  8.1
Dodging        | |  2.6

Action                   |  1- 3 |  4- 6 |  7- 9 | 10-12 || total
-------------------------+-------+-------+-------+-------++-------
Melee: Flail             |    83 |   196 |   360 |   117 ||   756
       Punch             |     1 |       |     8 |     2 ||    11
       Touch             |       |    16 |    74 |    61 ||   151
       Headbutt          |       |       |    56 |    70 ||   126
       Tailslap          |       |       |    24 |    54 ||    78
       Whip              |       |       |       |   226 ||   226
Throw: Dart              |       |       |     2 |     1 ||     3
       Boomerang         |       |       |       |    10 ||    10
Evoke: Wand              |       |       |     2 |     8 ||    10
  Use: Potion            |       |     1 |     4 |     6 ||    11
       Scroll            |       |     1 |     5 |     2 ||     8
 Stab: Sleeping          |     1 |     4 |     1 |       ||     6
       Paralysed         |       |       |       |     1 ||     1
       Petrified         |       |       |       |     9 ||     9
Armor: Leather armour    |    49 |    57 |    12 |       ||   118
       Scale mail        |       |       |   108 |   100 ||   208
Dodge: Dodged            |    96 |   145 |   208 |   144 ||   593
